 Dungeon Crawl Stone Soup version 0.25-a0-378-gd2ca0b7745 (webtiles) character file.

Game seed: 7662026070974033348, levelgen mode: deterministic

2040 MrRokkomies the Jinx (level 9, -6/85 HPs)
             Began as a Vampire Enchanter on Jan 7, 2020.
             Was a Follower of Kikubaaqudgha.
             Mangled by a wyvern (10 damage)
             ... on level 7 of the Dungeon.
             The game lasted 00:23:49 (6310 turns).

MrRokkomies the Jinx (Vampire Enchanter)            Turns: 6310, Time: 00:23:50

Health: -6/85      AC:  4    Str: 15    XL:     9   Next: 4%
Magic:  12/12      EV: 15    Int: 18    God:    Kikubaaqudgha [*.....]
Gold:   390        SH:  0    Dex: 14    Spells: 4/12 levels left

rFire    . . .     SeeInvis +   a - +1 dagger (venom)
rCold    . . .     Gourm    .   (no shield)
rNeg     . . .     Faith    .   d - +1 robe
rPois    .         Spirit   .   C - +0 hat
rElec    .         Reflect  .   (no cloak)
rCorr    .         Harm     .   k - +0 pair of gloves
MR       .....                  (no boots)
Stlth    ..........             (no amulet)
HPRegen  0.44/turn              t - ring of flight
MPRegen  0.13/turn              G - ring of stealth

@: berserking, regenerating quickly, very quick
A: no food, fangs 3, see invisible, unbreathing
a: Exsanguinate, Receive Corpses, Renounce Religion, Evoke Flight


You were on level 7 of the Dungeon.
You worshipped Kikubaaqudgha.
Kikubaaqudgha was aware of your devotion.
You were alive.

You visited 2 branches of the dungeon, and saw 9 of its levels.

You collected 390 gold pieces.

Inventory:

Hand Weapons
 a - a +1 dagger of venom (weapon)
 b - a +0 hunting sling of freezing
 w - a +2 dagger of electrocution
 A - a +2 trident of pain
Missiles
 i - 89 arrows
 m - 173 stones
 n - 15 poisoned darts (quivered)
Armour
 d - a +1 robe (worn)
 k - a +0 pair of gloves (worn)
 C - a +0 hat (worn)
 F - a +2 shield
Jewellery
 t - a ring of flight (left hand)
 G - a ring of stealth (right hand)
Wands
 l - a wand of polymorph (20)
 D - a wand of iceblast (6)
Scrolls
 e - a scroll of enchant weapon
 o - 6 scrolls of remove curse
 q - 3 scrolls of enchant armour
 s - 4 scrolls of teleportation
 u - 4 scrolls of amnesia
 y - 4 scrolls of identify
 z - a scroll of fog {unknown}
 B - a scroll of summoning {unknown}
 E - a scroll of random uselessness {unknown}
 H - a scroll of noise {unknown}
Potions
 f - 3 potions of berserk rage
 g - a potion of flight {unknown}
 h - a potion of ambrosia {unknown}
 j - a potion of cancellation {unknown}
 p - a potion of lignification {unknown}
 r - 2 potions of haste {unknown}
 v - 2 potions of might
 x - 2 potions of magic {unknown}
 I - a potion of invisibility {unknown}


   Skills:
 * Level 7.6 Short Blades
 + Level 5.5 Dodging
 + Level 8.8 Stealth
 - Level 2.0 Spellcasting
 * Level 10.5 Hexes


You had 4 spell levels left.
You knew the following spells:

 Your Spells              Type           Power        Failure   Level  Hunger
a - Ensorcelled Hibernat  Hex/Ice        ###...       3%          2    N/A
b - Confuse               Hex            #####...     1%          3    N/A
c - Tukima's Dance        Hex            #####...     1%          3    N/A

Your spell library contained the following spells:

 Spells                   Type           Power        Failure   Level  Hunger
 Corona                   Hex            #####..      1%          1    N/A
 Dazzling Flash           Conj/Hex       ###...       6%          3    N/A
 Animate Skeleton         Necr           N/A          19%         1    N/A
 Pain                     Necr           #...         19%         1    N/A
 Sting                    Tmut/Pois      #...         19%         1    N/A
 Poisonous Vapours        Pois/Air       #.....       26%         2    N/A
 Sublimation of Blood     Necr           #.........   26%         2    N/A
 Ignite Poison            Fire/Tmut/Pois #.......     47%         3    N/A
 Mephitic Cloud           Conj/Pois/Air  #.......     47%         3    N/A
 Vampiric Draining        Necr           #.........   47%         3    N/A
 Olgreb's Toxic Radiance  Pois           #.......     87%         4    N/A

Dungeon Overview and Level Annotations

Branches:
Dungeon (8/15)             Temple (1/1) D:4
   Lair: D:8-11

Altars:
Ashenzari
Cheibriados
Dithmenos
Elyvilon
Fedhas
Kikubaaqudgha
Makhleb
Nemelex Xobeh
Okawaru
Qazlal
Ru
Sif Muna
Trog
Uskayaw
Vehumet
Wu Jian
Yredelemnul
Zin
The Shining One

Annotations:
D:5 2 transporters, Shaidar's ghost, novice GnBe


Innate Abilities, Weirdness & Mutations

You do not eat.
Your natural rate of healing is unusually fast.
You have razor-sharp teeth.
You have supernaturally acute eyesight. (SInv)
You can survive without breathing.


Message History

The wyvern misses you. The wyvern barely misses you.
There is a stone staircase leading up here.
The wyvern bites you!! The wyvern closely misses you.
The orc warrior hits you with a +0 short sword!
* * * LOW HITPOINT WARNING * * *
The orc wizard mumbles some strange words.
The orc wizard seems to speed up.
You climb upwards.
There is a stone staircase leading down here.
Okay, then.
Unknown command.
Evoke which item? (* to show all) (? for menu, Esc to quit)
Okay, then.
Unknown command.
Unknown command.
A red film seems to cover your vision as you go berserk!
You feel yourself moving faster!
You feel mighty! The wyvern bites you!
You die...
Kikubaaqudgha rasps: "You have failed me!
Welcome... death!"

#...........#...................
###........#.#.........[........#
#..........#...................##
...........#...................#.
...............................##
.........................<[....#
......................#....##..##
................l.........###...#
.##.............@o.##....###.....
.......#...........#####..##.....
......###...........## #.####....
#......###.).........###...#.....
#..##................##..........
######........).....)####..#.....
###..............#.#..#....#
##.###...###...).........#
#.####...####............


You could see an orc warrior and a wyvern.

Vanquished Creatures
  Grinder (D:3)
  A wyvern (D:8)
  Menkaure (D:4)
  Duvessa (D:4)
  An ice beast (D:7)
  A sky beast (D:6)
  An ogre (D:7)
  2 centaurs
  A bullfrog (D:6)
  A gnoll sergeant (D:7)
  Dowan (D:4)
  6 hounds
  A bullfrog skeleton (D:5)
  2 orc priests (D:5)
  6 orc wizards
  Natasha (thrice) (D:3)
  2 iguanas
  3 worker ants
  3 adders
  7 gnolls
  2 oozes
  An adder skeleton (D:4)
  3 worms
  2 dart slugs
  3 leopard geckos
  14 orcs
  7 bats
  3 giant cockroaches
  5 hobgoblins
  6 jackals
  5 kobolds
  3 quokkas
  2 ball pythons
  7 frilled lizards
  10 goblins
  A jackal zombie (D:4)
  A quokka skeleton (D:4)
  10 rats
130 creatures vanquished.

Vanquished Creatures (collateral kills)
  A gnoll (D:7)
1 creature vanquished.

Vanquished Creatures (others)
  A dancing weapon (D:7)
1 creature vanquished.

Grand Total: 132 creatures vanquished

Notes
Turn   | Place    | Note
-------+----------+-------------------------------------------
     0 | D:1      | MrRokkomies the Vampire Enchanter began the quest for the
                  | Orb.
     0 | D:1      | Reached XP level 1. HP: 13/13 MP: 3/3
    90 | D:1      | Reached XP level 2. HP: 18/19 MP: 5/5
   615 | D:1      | Reached skill level 5 in Hexes
   717 | D:2      | Learned a level 2 spell: Ensorcelled Hibernation
   764 | D:2      | Reached XP level 3. HP: 24/24 MP: 6/6
   881 | D:2      | Found a sparkling altar of Nemelex Xobeh.
  1309 | D:2      | Found a glowing silver altar of Zin.
  1309 | D:2      | Found a glowing golden altar of the Shining One.
  1346 | D:2      | Found a basalt altar of Yredelemnul.
  1348 | D:2      | Found a shadowy altar of Dithmenos.
  1349 | D:2      | Found a shattered altar of Ashenzari.
  1413 | D:3      | Reached skill level 5 in Stealth
  1475 | D:3      | Reached XP level 4. HP: 22/30 MP: 7/7
  1509 | D:3      | Learned a level 3 spell: Confuse
  1601 | D:3      | Noticed Natasha
  1609 | D:3      | Killed Natasha
  1621 | D:3      | Noticed Natasha
  1637 | D:3      | Killed Natasha
  1637 | D:3      | Reached XP level 5. HP: 17/35 MP: 8/8
  1733 | D:3      | Noticed Natasha
  1744 | D:3      | Killed Natasha
  1744 | D:3      | Reached skill level 6 in Hexes
  1889 | D:3      | Noticed Grinder
  1890 | D:3      | Paralysed by Grinder for 7 turns
  1902 | D:3      | Paralysed by Grinder for 7 turns
  2199 | D:3      | Learned a level 3 spell: Tukima's Dance
  2219 | D:3      | Killed Grinder
  2219 | D:3      | Reached skill level 7 in Hexes
  2219 | D:3      | Reached XP level 6. HP: 21/41 MP: 3/9
  2891 | D:4      | Noticed Menkaure
  2899 | D:4      | Killed Menkaure
  2899 | D:4      | Reached XP level 7. HP: 45/46 MP: 10/10
  2926 | D:4      | Noticed Duvessa
  2926 | D:4      | Noticed Dowan
  2945 | D:4      | Killed Duvessa
  2945 | D:4      | Reached skill level 5 in Short Blades
  2951 | D:4      | Killed Dowan
  2951 | D:4      | Reached skill level 8 in Hexes
  3165 | D:4      | Found a staircase to the Ecumenical Temple.
  3174 | Temple   | Entered the Ecumenical Temple
  3241 | Temple   | Became a worshipper of Kikubaaqudgha
  3494 | D:5      | Entered Level 5 of the Dungeon
  3519 | D:5      | Found a sand-covered staircase.
  3725 | D:5      | Found a transporter.
  3744 | D:5      | Found a transporter.
  3776 | D:5      | Noticed Shaidar's ghost (novice GnBe)
  3843 | D:5      | Reached XP level 8. HP: 52/52 MP: 11/11
  3964 | D:5      | HP: 2/52 [orc priest/divine providence (15)]
  4555 | D:6      | Reached skill level 9 in Hexes
  4990 | D:6      | Reached skill level 5 in Dodging
  4998 | D:6      | Found a shimmering blue altar of Sif Muna.
  5420 | D:7      | Reached * piety under Kikubaaqudgha
  5420 | D:7      | Identified Kikubaaqudgha's Incunabulum of Stolen Souls
                  | (Kikubaaqudgha gifted it to you on level 7 of the Dungeon)
  5420 | D:7      | Received a gift from Kikubaaqudgha
  5720 | D:7      | Reached skill level 10 in Hexes
  6288 | D:8      | Reached XP level 9. HP: 57/57 MP: 12/12
  6308 | D:8      | HP: 2/57 [orc warrior/+0 short sword (16)]
  6310 | D:7      | Mangled by a wyvern

Levels and vault maps discovered:
D:1:      lightli_arrival_boilingwater, layout_basic
D:2:      layout_loops_ring, chequers_temple_overflow_minitemple,
          nemelex_xobeh_ov_fountains_minmay
D:3:      layout_basic, uniq_grinder, uniq_natasha
D:4:      layout_rooms, minmay_temple_entry_sparse_star, hangedman_decor_push,
          uniq_menkaure, uniq_duvessa
D:5:      layout_cave_pods, first_ration, gammafunk_ghost_stat_death,
          nicolae_ossuary_entry_monument
D:6:      layout_loops_ring, lemuel_coloured_pillars_altar
D:7:      layout_cave_pools
D:8:      layout_gridville, dpeg_oklobed_lair, hangedman_ranch
          [blue_anna_fruit_fields], uniq_maggie
Temple:   nicolae_temple_x_marks_the_god

Skill      XL: |  1  2  3  4  5  6  7  8 |
---------------+-------------------------+-----
Short Blades   | 2 3 4 5 7 |  7.6
Hexes          | 5 7 8 10 | 10.5
Stealth        | 5 6 7 8 |  8.8
Dodging        | 3 4 5 |  5.5
Spellcasting   | |  2.0

Action                   |  1- 3 |  4- 6 |  7- 9 || total
-------------------------+-------+-------+-------++-------
Melee: Dagger            |   121 |   105 |   251 ||   477
       Bite              |     9 |    10 |    31 ||    50
Throw: Dart              |       |       |     8 ||     8
 Cast: Confuse           |       |     2 |     8 ||    10
       Ensorcelled Hiber |       |       |     4 ||     4
       Tukima's Dance    |       |       |     6 ||     6
  Use: Scroll            |     7 |     2 |     1 ||    10
       Potion            |       |     1 |     2 ||     3
 Stab: Sleeping          |    11 |    13 |    13 ||    37
       Confused          |       |     2 |     4 ||     6
       Distracted        |       |     1 |       ||     1
Armor: Robe              |    20 |    16 |    42 ||    78
Dodge: Dodged            |    69 |    46 |   157 ||   272

Table legend:
 A = Non-vault XP
 B = Vault XP
 C = Vault XP percentage of total XP
 D = Non-vault monster count
 E = Vault monster count
 F = Vault count percentage of total count
                 A         B        C        D         E       F
            +---------+---------+-------+---------+---------+-------
      Total |    2176 |     739 |  25.4 |     126 |       5 |   3.8
            +---------+---------+-------+---------+---------+-------
        D:1 |      36 |       0 |   0.0 |      18 |       0 |   0.0
        D:2 |      34 |       0 |   0.0 |      16 |       0 |   0.0
        D:3 |     219 |     326 |  59.8 |      30 |       2 |   6.2
        D:4 |     188 |     413 |  68.7 |      16 |       3 |  15.8
        D:5 |     313 |       0 |   0.0 |      16 |       0 |   0.0
        D:6 |     479 |       0 |   0.0 |      13 |       0 |   0.0
        D:7 |     694 |       0 |   0.0 |      15 |       0 |   0.0
        D:8 |     213 |       0 |   0.0 |       2 |       0 |   0.0
            +---------+---------+-------+---------+---------+-------
